 Dungeon Crawl Stone Soup version 0.29-a0-284-gf9362112df (webtiles) character file.

Game seed: 8660629416171549601

147 yunder69 the Chopper (level 5, -1/67 HPs)
             Began as a Minotaur Berserker on Mar 31, 2022.
             Was a Follower of Trog.
             Slain by an orc
             ... wielding a +1 dagger of holy wrath
              (2 damage)
             ... on level 3 of the Dungeon.
             The game lasted 00:04:30 (2139 turns).

yunder69 the Chopper (Minotaur Berserker)           Turns: 2139, Time: 00:04:31

Health: -1/67      AC:  3    Str: 23    XL:     5   Next: 7%
Magic:  13/13      EV: 11    Int:  4    God:    Trog [*.....]
Gold:   75         SH:  0    Dex: 10    Spells: 4/4 levels left

rFire   . . .      SeeInvis .   k - +0 great sword
rCold   . . .      Faith    .   (shield currently unavailable)
rNeg    . . .      Spirit   .   h - +0 leather armour
rPois   .          Reflect  .   (helmet restricted)
rElec   .          Harm     .   (no cloak)
rCorr   .          Rampage  .   (no gloves)
Will    .....                   (no boots)
Stlth   ..........              (no amulet)
HPRegen 0.21/turn               j - ring of magical power
MPRegen 0.13/turn               (no ring)

@: confused, berserking, very quick
A: horns 2, retaliatory headbutt
a: Renounce Religion, Berserk


You were on level 3 of the Dungeon.
You worshipped Trog.
Trog was aware of your devotion.
You visited 1 branch of the dungeon, and saw 3 of its levels.

You collected 75 gold pieces.

Inventory:

Hand Weapons
 k - a +0 great sword (weapon)
 l - a +0 war axe
Missiles
 m - 3 boomerangs (quivered)
Armour
 h - a +0 leather armour (worn)
Jewellery
 j - a ring of magical power (left hand)
Scrolls
 a - a scroll of teleportation {unknown}
 c - a scroll of magic mapping {unknown}
 d - a scroll of enchant armour {unknown}
 e - 2 scrolls of identify {unknown}
 g - a scroll of brand weapon {unknown}
 i - a scroll of holy word {unknown}
Potions
 b - a potion of mutation {unknown}
 f - a potion of curing {unknown}


   Skills:
 - Level 3.6 Fighting
 + Level 4.4 Long Blades
 - Level 5.2 Axes
 - Level 2.4 Armour
 - Level 2.1 Dodging


You had 4 spell levels left.
You didn't know any spells.
Your spell library was empty.

Dungeon Overview and Level Annotations

Branches:
Dungeon (3/15)

Altars:
Hepliaklqana

Shops:
D:2 (*

Annotations:
D:1 1 exclusion


Innate Abilities, Weirdness & Mutations

You have a pair of horns on your head.
You reflexively headbutt those who attack you in melee.


Message History

Okay, then.
You fail to use your ability.
The orc misses you. You furiously retaliate!
You headbutt the orc, but do no damage. The orc wizard barely misses you.
The orc closely misses you.
A red film seems to cover your vision as you go berserk!
You feel yourself moving faster!
You feel mighty! The orc closely misses you.
The orc hits you with a +1 dagger of holy wrath.
* * * LOW HITPOINT WARNING * * *
The orc wizard barely misses you. You furiously retaliate!
You headbutt the orc wizard! You barely miss the orc wizard.
The orc wizard is severely wounded.
The orc barely misses you.
The orc hits you with a +1 dagger of holy wrath.
* * * LOW HITPOINT WARNING * * *
The orc wizard mumbles some strange words.
The orc wizard flickers and vanishes!
Deactivating autopickup; reactivate with Ctrl-A.
You miss something. Your headbutt misses something. The orc barely misses you.
The orc hits you with a +1 dagger of holy wrath.
* * * LOW HITPOINT WARNING * * *
You hear some strange, mumbled words.
You are confused.
You closely miss something. Your headbutt misses something.
The orc closely misses you. Something hits you.
* * * LOW HITPOINT WARNING * * *
The orc closely misses you.
You slice something!! Trog accepts your kill.
Trog appreciates your killing of a magic user.
Reactivating autopickup.
You feel a bit more experienced. The orc barely misses you.
The orc hits you with a +1 dagger of holy wrath.
* * * LOW HITPOINT WARNING * * *
You have reached level 5!
You bump into the rock wall.
The orc hits you with a +0 short sword.
* * * LOW HITPOINT WARNING * * *
The orc misses you.
The orc hits you with a +1 dagger of holy wrath.
You die...

#..............#
######....†....##
#..........#
#.....<....#
#######.............
....................
.######.............
######oo..........
......o@..........
#########.........
#......... .....>.
....... #######


You could see 3 orcs.

Vanquished Creatures
  A phantom (D:2)
  An orc wizard (D:3)
  An adder (D:2)
  A dart slug (D:1)
  2 orcs (D:3)
  A ball python (D:1)
  5 endoplasms
  3 giant cockroaches
  2 goblins (D:1)
  4 hobgoblins
  4 kobolds
  2 quokkas (D:1)
  A bat (D:1)
  2 frilled lizards (D:1)
  6 rats
36 creatures vanquished.

Notes
Turn   | Place    | Note
-------+----------+-------------------------------------------
     0 | D:1      | yunder69 the Minotaur Berserker began the quest for the
                  | Orb.
     0 | D:1      | Reached XP level 1. HP: 19/19 MP: 0/0
   135 | D:1      | Reached skill level 4 in Axes
   231 | D:1      | Reached XP level 2. HP: 26/26 MP: 1/1
   985 | D:1      | Reached skill level 5 in Axes
  1403 | D:2      | Found Vuofimie's Assorted Antiques.
  1406 | D:2      | Found a faded altar of an unknown god.
  1409 | D:2      | Reached XP level 3. HP: 26/31 MP: 2/2
  1566 | D:2      | Found Dipynlis's Antique Weapon Shoppe.
  1606 | D:2      | Found a hazy altar of Hepliaklqana.
  1712 | D:2      | Reached ** piety under Trog
  1713 | D:2      | Reached skill level 1 in Long Blades
  1909 | D:2      | Noticed a phantom
  1918 | D:2      | Killed a phantom
  1919 | D:2      | Reached XP level 4. HP: 39/39 MP: 3/3
  2138 | D:3      | HP: 2/58 [orc/+1 dagger of holy wrath (1)]
  2139 | D:3      | Reached XP level 5. HP: 2/45 MP: 4/4
  2139 | D:3      | Slain by an orc

Illustrated notes

Levels and vault maps discovered:
D:1:      erik_arrival_orb_chamber, layout_loops_ring,
          amcnicky_mini_corridor_feature, minmay_crystal_water,
          kennysheep_pointless_box
D:2:      layout_basic, chequers_ecumenical_altar_simple, basic_altar,
          serial_shops, nicolae_shop_behind_doors, nicolae_shop_hallway_plus
D:3:      layout_rooms, kennysheep_generic_room_6

Skill      XL: |  1  2  3  4 |
---------------+-------------+-----
Axes           | 4 5 |  5.2
Long Blades    | 3 4 |  4.4
Fighting       | |  3.6
Armour         | |  2.4
Dodging        | |  2.1

Action                   |  1- 3 |  4- 6 || total
-------------------------+-------+-------++-------
Melee: Hand axe          |    46 |       ||    46
       Headbutt          |    11 |     2 ||    13
       Great sword       |     8 |    14 ||    22
Invok: Berserk           |     1 |     1 ||     2
       Trog's Hand       |     1 |       ||     1
Armor: Animal skin       |     5 |       ||     5
       Leather armour    |     6 |     3 ||     9
Dodge: Dodged            |    33 |    15 ||    48

Table legend: (Time is in decaauts)
 A = Elapsed time spent in this place.
 B = Non-inter-level travel time spent in this place.
 C = Inter-level travel time spent in this place.
 D = Time resting spent in this place.
 E = Time spent auto-exploring this place.
 F = Levels seen in this place.
 G = Mean time per level.
                   A        B        C        D        E       F      G
               +--------+--------+--------+--------+--------+-----+--------+
         Total |   2158 |   2022 |    136 |     48 |   1705 |   3 |  719.3 |
       Dungeon |   2158 |   2022 |    136 |     48 |   1705 |   3 |  719.3 |
               +--------+--------+--------+--------+--------+-----+--------+

Top non-repeatable levels by time:
     D:1: 1065 daAuts
     D:2: 1042 daAuts
     D:3: 51 daAuts
